AoeStats
← yt536390

Arabia

509989940Analyzed
1v1 RM · 4d ago on Sep 28, 2026· 27m 13s· 2 players
Game mode
Random Map
Map size
Tiny (2 player)
Population
200
Speed
Normal
Resources
Standard
Victory
Conquest
Starting age
Dark Age
Ending age
Imperial Age
RankedLock teamsTeams togetherTeam positionsShared explorationLock speedFull tech treeHidden civsTurbo modeCheats
Victory
Defeat
🇦🇷 Lithuanians · Argentina
1898
+14
🇨🇳 Vikings · China
1850
-14
yt536390
6:26 Loom
9:10 Feudal Age
9:48 Double-Bit Axe
10:04 Horse Collar
13:39 Town Watch
21:08 Castle Age
20:12 Fletching
21:09 Crossbowman
26:27 Bodkin Arrow
ddx
8:01 Feudal Age
9:04 Loom
9:40 Double-Bit Axe
15:48 Wheelbarrow
20:10 Castle Age
18:05 Horse Collar
18:42 Gold Mining
19:55 Scale Barding Armor
20:17 Bloodlines
23:35 Husbandry
25:40 Chain Barding Armor
Connection lost

Rejoining the realm…

Still unreachable

The connection could not be restored.

Session expired

The server has moved on; the page needs a fresh start.